 Dungeon Crawl Stone Soup version 0.23.2-1-ga50397a (webtiles) character file.

Game seed: 17895053970461757251

93 davaitedunem the Cudgeler (level 4, -1/39 HPs)
             Began as a Minotaur Berserker on Apr 22, 2019.
             Was a Believer of Trog.
             Slain by a gnoll (6 damage)
             ... on level 2 of the Dungeon.
             The game lasted 00:03:14 (903 turns).

davaitedunem the Cudgeler (Minotaur Berserker)       Turns: 903, Time: 00:03:14

Health: -1/39      AC:  2    Str: 23    XL:     4   Next: 37%
Magic:  3/3        EV: 12    Int:  4    God:    Trog [**....]
Gold:   101        SH:  0    Dex:  9    Spells: 3/3 levels left

rFire    . . .     SeeInvis +   a - +0 mace
rCold    . . .     Gourm    .   (no shield)
rNeg     . . .     Faith    .   b - +0 animal skin
rPois    .         Spirit   .   (helmet restricted)
rElec    .         Reflect  .   (no cloak)
rCorr    .         Harm     .   (no gloves)
MR       .....                  (no boots)
Stlth    +.........             (no amulet)
HPRegen  0.13/turn              d - ring of see invisible
MPRegen  0.08/turn              (no ring)

@: berserk cooldown, slowed, very slow
A: retaliatory headbutt, horns 2
a: Berserk, Trog's Hand, Renounce Religion


You were on level 2 of the Dungeon.
You worshipped Trog.
Trog was pleased with you.
You were not hungry.

You visited 1 branch of the dungeon, and saw 2 of its levels.

You collected 101 gold pieces.

Inventory:

Hand Weapons
 a - a +0 mace (weapon)
Armour
 b - a +0 animal skin (worn)
 q - a +1 cloak
Jewellery
 d - a ring of see invisible (left hand)
 l - a +3 ring of strength {unknown}
 n - an uncursed ring of stealth {unknown}
 p - a +4 ring of slaying {unknown}
Scrolls
 e - a scroll of teleportation {unknown}
 h - 2 scrolls of enchant weapon {unknown}
 k - a scroll of noise {unknown}
 m - a scroll of identify {unknown}
 o - a scroll of fear {unknown}
Potions
 f - a potion of mutation {unknown}
 i - a potion of degeneration {unknown}
 j - a potion of flight {unknown}
Comestibles
 c - 4 rations
 g - 5 chunks of flesh


   Skills:
 - Level 3.6 Fighting
 + Level 6.3 Maces & Flails
 - Level 2.4 Armour
 - Level 2.1 Dodging


You had 3 spell levels left.
You didn't know any spells.
Your spell library was empty.

Dungeon Overview and Level Annotations

Branches:
Dungeon (2/15)

Altars:


Innate Abilities, Weirdness & Mutations

You reflexively headbutt those who attack you in melee.
You have a pair of horns on your head.


Message History

A gnoll comes into view.
The gnoll hits you! The gnoll hits you.
You see here a gnoll corpse.
You completely miss the gnoll. The gnoll closely misses you.
You thump the gnoll!
The gnoll is heavily wounded.
The gnoll misses you. You furiously retaliate!
You headbutt the gnoll. The gnoll hits you!
The gnoll throws a stone.
The stone misses you.
You see here a stone.
You are too injured to fight recklessly!
You are too injured to fight recklessly!
You closely miss the gnoll.
The gnoll is severely wounded.
The gnoll hits you!
* * * LOW HITPOINT WARNING * * *
You hit the gnoll but do no damage. Your headbutt misses the gnoll.
The gnoll is severely wounded.
The gnoll hits you.
You die...

....###.....
............
....####....
....#####.##
..........# #
...)####### #####
# ###.# #... #
#.############.###
#
#............)@g.#
#
##.......####.##.#
##
#...........).#.#
#.
#.......####..#.#
#. #........#
#..#.. #.
#........###..###
#. #.............#
#######.
#.......#####.#
###.......
#.......# #.#
#.....#.(.


You could see a gnoll.

Vanquished Creatures
  Jessica (D:2)
  3 gnolls (D:2)
  An ooze (D:2)
  A worm (D:2)
  A leopard gecko (D:1)
  4 bats
  A giant cockroach (D:2)
  3 goblins
  4 hobgoblins
  4 jackals (D:1)
  A frilled lizard (D:2)
  4 kobolds
  2 rats
30 creatures vanquished.

Notes
Turn   | Place    | Note
-------+----------+-------------------------------------------
     0 | D:1      | davaitedunem the Minotaur Berserker began the quest for the
                  | Orb.
     0 | D:1      | Reached XP level 1. HP: 19/19 MP: 0/0
     6 | D:1      | Reached skill level 4 in Maces & Flails
   120 | D:1      | Reached XP level 2. HP: 18/26 MP: 1/1
   610 | D:2      | Reached skill level 5 in Maces & Flails
   610 | D:2      | Reached XP level 3. HP: 28/31 MP: 2/2
   823 | D:2      | Noticed Jessica
   829 | D:2      | Killed Jessica
   838 | D:2      | Reached ** piety under Trog
   886 | D:2      | Reached skill level 6 in Maces & Flails
   886 | D:2      | Reached XP level 4. HP: 34/39 MP: 3/3
   903 | D:2      | Slain by a gnoll

Skill      XL: |  1  2  3 |
---------------+----------+-----
Maces & Flails | 4 5 6 |  6.3
Fighting       | |  3.6
Armour         | |  2.4
Dodging        | |  2.1

Action                   |  1- 3 |  4- 6 || total
-------------------------+-------+-------++-------
Melee: Mace              |    52 |     8 ||    60
       Headbutt          |     8 |     3 ||    11
Invok: Berserk           |     1 |       ||     1
       Trog's Hand       |     1 |       ||     1
  Eat: Chunk             |       |     1 ||     1
Armor: Animal skin       |    10 |       ||    10
Dodge: Dodged            |    43 |     4 ||    47
